 Dungeon Crawl Stone Soup version 0.20.1-1-g8b1a95d (webtiles) character file.

1443 kaze the Cleaver (level 8, -2/70 HPs)
             Began as a Hill Orc Berserker on Sept 17, 2017.
             Was a Believer of Trog.
             Killed from afar by an electric eel (11 damage)
             ... with a bolt of electricity
             ... on level 6 of the Dungeon.
             The game lasted 00:09:52 (4791 turns).

kaze the Cleaver (Hill Orc Berserker)               Turns: 4791, Time: 00:09:52

Health: -2/70      AC: 20    Str: 22    XL:     8   Next: 74%
Magic:  8/8        EV:  9    Int:  7    God:    Trog [**....]
Gold:   389        SH:  3    Dex: 10    Spells: 7/7 levels left

rFire    . . .     SeeInvis .   q - +6 flail (holy)
rCold    . . .     Gourm    .   s - +0 buckler
rNeg     . . .     Faith    .   u - +4 chain mail
rPois    +         Spirit   .   f - +2 hat
rElec    .         Reflect  .   y - +0 cloak
rCorr    .         Harm     .   b - +2 pair of gloves
MR       ++...                  (no boots)
Stlth    ..........             (no amulet)
Regen    1.3/turn               n - ring of poison resistance
MPRegen  0.2/turn               (no ring)

@: regenerating
A: no striking features
a: Berserk, Trog's Hand, Burn Spellbooks, Renounce Religion


You were on level 6 of the Dungeon.
You worshipped Trog.
Trog was pleased with you.
You were not hungry.

You visited 1 branch of the dungeon, and saw 6 of its levels.

You collected 389 gold pieces.

Inventory:

Hand Weapons
 q - a +6 flail of holy wrath (weapon)
 w - a +1 war axe
Armour
 b - a +2 pair of gloves (worn)
 f - a +2 hat (worn)
 s - a +0 buckler (worn)
 u - a +4 chain mail (worn)
 y - a +0 cloak (worn)
Jewellery
 n - a ring of poison resistance (left hand)
Scrolls
 c - 3 scrolls of recharging
 d - a scroll of blinking
 g - a scroll of magic mapping
 h - 4 scrolls of remove curse
 i - 3 scrolls of teleportation
 j - 2 scrolls of identify
 v - a scroll of enchant armour
Potions
 a - a potion of heal wounds
 e - 2 potions of lignification
 m - 2 potions of curing
 o - 3 potions of agility {unknown}
 p - a potion of brilliance {unknown}
 r - a potion of flight {unknown}
 t - a potion of cancellation {unknown}
Comestibles
 k - 2 bread rations
 l - 3 royal jellies
 x - a meat ration
 z - a fruit


   Skills:
 + Level 6.1 Fighting
 + Level 8.8(9.4) Axes
 + Level 4.0(6.2) Maces & Flails
 + Level 5.4 Armour
 + Level 3.6 Dodging
 + Level 0.6 Stealth
 + Level 1.5 Shields


You had 7 spell levels left.
You didn't know any spells.

Dungeon Overview and Level Annotations

Branches:
Dungeon (6/15)             Temple (0/1) D:4

Altars:
Elyvilon
Yredelemnul

Shops:
D:6 (


Message History

The bolt of electricity hits you! x2
You see here 11 gold pieces.
You now have 389 gold pieces (gained 11).
The electric eel shoots out a bolt of lightning at you!
The bolt of electricity hits you! The bolt of electricity misses you.
The electric eel shoots out a bolt of lightning at you!
The bolt of electricity hits you! x2
The electric eel shoots out a bolt of lightning at you!
The bolt of electricity misses you. The bolt of electricity hits you!
* * * LOW HITPOINT WARNING * * *
Your skin crawls.
You feel resistant to hostile enchantments.
You feel somewhat more hungry.
The electric eel shoots out a bolt of lightning at you!
The bolt of electricity hits you!
* * * LOW HITPOINT WARNING * * *
You see here a scroll of identify.
The electric eel shoots out a bolt of lightning at you!
The bolt of electricity hits you!
You die...

# #......###.#####
#......# #.# #
##...#.# #.# #
#####.# #.# #
###....# #.# ...
##......###.# ##.
##?.≈≈≈....#.
#...≈#;≈≈≈....#
#@..≈≈≈≈#≈≈≈≈.# #
.........≈≈≈#≈≈≈≈#≈.#
#####.##.≈#≈≈≈≈#≈≈≈.#
......≈≈≈≈#≈≈≈≈..#
### ..≈≈≈#≈≈≈≈#≈.##
..≈#≈≈≈≈#≈≈≈.# ≈≈≈≈#
≈ ...≈≈


You could see an electric eel.

Vanquished Creatures
  The ghost of kaze the Chopper, a novice HOFi (D:5)
  Eustachio (D:4)
  Edmund (D:5)
  The ghost of Ymberti the Firebug, an amateur DEFE (D:3)
  An orc warrior (D:6)
  A sky beast (D:5)
  The ghost of kaze the Skirmisher, an amateur HOFi (D:4)
  A howler monkey (D:4)
  A crimson imp (D:6)
  Crazy Yiuf (D:3)
  A hound (D:5)
  Ijyb (D:2)
  2 iguanas (D:5)
  4 worker ants
  Terence (D:2)
  A hound skeleton (D:5)
  A worker ant zombie (D:5)
  4 adders
  An adder skeleton (D:6)
  3 worms
  5 dart slugs
  5 leopard geckos
  3 orcs
  4 giant cockroaches
  12 goblins
  4 hobgoblins
  8 jackals
  4 quokkas
  8 bats
  5 frilled lizards
  A giant cockroach zombie (D:5)
  8 kobolds
  4 rats
100 creatures vanquished.

Notes
Turn   | Place    | Note
-------+----------+-------------------------------------------
     0 | D:1      | kaze the Hill Orc Berserker began the quest for the Orb.
     0 | D:1      | Reached XP level 1. HP: 19/19 MP: 1/1
   184 | D:1      | Reached XP level 2. HP: 15/27 MP: 2/2
   465 | D:1      | Reached XP level 3. HP: 33/33 MP: 3/3
  1128 | D:2      | Reached ** piety under Trog
  1144 | D:2      | Reached skill level 5 in Axes
  1308 | D:2      | HP: 1/33 [adder (5)]
  1312 | D:2      | Reached XP level 4. HP: 1/40 MP: 4/4
  1583 | D:2      | Noticed Terence
  1589 | D:2      | Killed Terence
  2007 | D:2      | Noticed Ijyb
  2025 | D:2      | Killed Ijyb
  2025 | D:2      | Reached skill level 6 in Axes
  2025 | D:2      | Reached XP level 5. HP: 41/47 MP: 5/5
  2254 | D:3      | Noticed Ymberti's ghost (amateur DEFE)
  2266 | D:3      | Killed Ymberti's ghost
  2266 | D:3      | Reached XP level 6. HP: 29/55 MP: 6/6
  2399 | D:3      | Found a runed door.
  2403 | D:3      | Noticed Crazy Yiuf
  2407 | D:3      | Killed Crazy Yiuf
  2407 | D:3      | Reached skill level 5 in Fighting
  2643 | D:4      | Noticed kaze's ghost (amateur HOFi)
  2657 | D:4      | Killed kaze's ghost
  2880 | D:4      | Noticed Eustachio
  2949 | D:4      | Killed Eustachio
  2949 | D:4      | Reached XP level 7. HP: 10/61 MP: 7/7
  3360 | D:4      | Found a staircase to the Ecumenical Temple.
  3771 | D:5      | Entered Level 5 of the Dungeon
  3783 | D:5      | Noticed Edmund
  3793 | D:5      | Killed Edmund
  3793 | D:5      | Reached skill level 7 in Axes
  3861 | D:5      | Noticed kaze's ghost (novice HOFi)
  3869 | D:5      | Killed kaze's ghost
  3869 | D:5      | Reached skill level 8 in Axes
  3869 | D:5      | Reached skill level 1 in Shields
  3869 | D:5      | Reached XP level 8. HP: 39/70 MP: 8/8
  3913 | D:5      | Reached skill level 5 in Armour
  4025 | D:5      | Found a basalt altar of Yredelemnul.
  4090 | D:5      | Found a white marble altar of Elyvilon.
  4425 | D:6      | Found Bopeh's Weapon Emporium.
  4791 | D:6      | Killed from afar by an electric eel

Skill      XL: |  1  2  3  4  5  6  7  8 |
---------------+-------------------------+-----
Fighting       | 4 5 6 |  6.1
Axes           | 5 6 8 |  8.8
Dodging        | 2 3 |  3.6
Maces & Flails | 2 4 |  4.0
Armour         | 3 4 5 |  5.4
Shields        | 1 |  1.5
Stealth        | |  0.6

Action                   |  1- 3 |  4- 6 |  7- 9 || total
-------------------------+-------+-------+-------++-------
Melee: Hand axe          |   108 |    17 |       ||   125
       Flail             |       |    98 |    56 ||   154
       War axe           |       |    72 |    35 ||   107
Invok: Trog's Hand       |     1 |     3 |     1 ||     5
       Berserk           |       |     6 |       ||     6
       Burn Spellbooks   |       |     1 |       ||     1
  Use: Scroll            |       |    12 |     1 ||    13
       Potion            |       |     1 |       ||     1
  Eat: Chunk             |     1 |     2 |     3 ||     6
       Bread ration      |       |     2 |     1 ||     3
       Fruit             |       |       |     1 ||     1
Armor: Animal skin       |     5 |       |       ||     5
       Leather armour    |    46 |     1 |       ||    47
       Ring mail         |       |   115 |    16 ||   131
       Skin              |       |    38 |       ||    38
       Chain mail        |       |       |    19 ||    19
Dodge: Dodged            |    71 |   134 |    36 ||   241
Block: Buckler           |       |    31 |     6 ||    37
